 Dungeon Crawl Stone Soup version 0.24.0-123-gd5b16e6ec5 (webtiles) character file.

Game seed: 8026148458586044235, levelgen mode: deterministic

95 Elellon the Cudgeler (level 4, -2/28 HPs)
             Began as a Gargoyle Fighter on Jan 20, 2020.
             Slain by a hobgoblin
             ... wielding a +0 club
             ... led by Robin
              (3 damage)
             ... on level 3 of the Dungeon.
             The game lasted 00:02:46 (1969 turns).

Elellon the Cudgeler (Gargoyle Fighter)             Turns: 1969, Time: 00:02:46

Health: -2/28      AC: 13    Str: 21    XL:     4   Next: 66%
Magic:  4/4        EV:  7    Int:  8    God:
Gold:   116        SH:  9    Dex:  9    Spells: 3/3 levels left

rFire    . . .     SeeInvis .   a - +0 flail
rCold    . . .     Gourm    .   c - +0 shield
rNeg     + . .     Faith    .   b - +0 scale mail
rPois    ∞         Spirit   .   i - +0 helmet (curse)
rElec    +         Reflect  .   k - +1 cloak
rCorr    .         Harm     .   (no gloves)
MR       .....                  (no boots)
Stlth    ..........             (no amulet)
HPRegen  0.09/turn              (no ring)
MPRegen  0.09/turn              (no ring)

@: no status effects
A: negative energy resistance 1, electricity resistance, unbreathing,
petrification resistance, rot immunity, AC +3
a: no special abilities


You were on level 3 of the Dungeon.
You were not hungry.

You visited 1 branch of the dungeon, and saw 3 of its levels.

You collected 116 gold pieces.

Inventory:

Hand Weapons
 a - a +0 flail (weapon)
Armour
 b - a +0 scale mail (worn)
 c - a +0 shield (worn)
 i - a cursed +0 helmet (worn)
 k - a +1 cloak (worn)
Jewellery
 e - an uncursed amulet of rage {unknown}
Scrolls
 g - a scroll of remove curse {unknown}
 j - 3 scrolls of identify {unknown}
 l - a scroll of amnesia {unknown}
 m - a scroll of teleportation {unknown}
Potions
 d - a potion of might
 h - a potion of haste {unknown}
 n - 2 potions of brilliance {unknown}
 o - a potion of resistance {unknown}
 q - a potion of heal wounds {unknown}
Comestibles
 f - 6 rations
 p - 15 chunks of flesh


   Skills:
 - Level 3.2 Fighting
 + Level 4.7 Maces & Flails
 - Level 3.2 Armour
 - Level 3.2 Shields


You had 3 spell levels left.
You didn't know any spells.
Your spell library was empty.

Dungeon Overview and Level Annotations

Branches:
Dungeon (3/15)

Altars:
Dithmenos
Gozag
Sif Muna
The Shining One

Annotations:
D:3 Robin


Innate Abilities, Weirdness & Mutations

You are resistant to torment.
Your stone body is resilient. (AC +3)
You are immune to poison.
You resist negative energy. (rN+)
You are resistant to electric shocks. (rElec)
You can survive without breathing.
You are immune to petrification.
You are immune to rotting.


Message History

The adder barely misses you. The goblin hits you but does no damage.
The hobgoblin hits you but does no damage.
Robin throws the goblin at you!
You hear a loud, deep croak!
You barely miss the goblin.
The goblin no longer looks unusually strong.
You block the adder's attack. The goblin hits you but does no damage.
The goblin closely misses you. The hobgoblin barely misses you.
The goblin hits you but does no damage. The hobgoblin hits you with a +0 club.
* * * LOW HITPOINT WARNING * * *
The adder bites you but does no damage. The goblin hits you but does no damage.
You block the goblin's attack.
You barely miss the goblin. You block the hobgoblin's attack.
You block the goblin's attack. The adder bites you but does no damage.
The hobgoblin hits you but does no damage.
The goblin hits you but does no damage. The goblin completely misses you.
You barely miss the goblin. The adder bites you but does no damage.
You block the goblin's attack. You block the hobgoblin's attack.
The hobgoblin hits you with a +0 club.
You die...

..÷.÷..####.÷###......###....####
#...##.####...#.......####....# #
..####...)#..÷........#....##.# #
...# ####..)..........#.#####.###
...# #........#####..# #....
##...............# #...## ####.
.######........# #.### ## ##
#.....##g####.# #
###.##..##g@g...# #
#......gggggS#### #####
#.......##gg..## #....
#.........g#...# #.###
#..........#.#.# ##.#.#
#......##..#[#.# #..... #......
#..#...# ##.##+ #..g...
#..##..#### #..#.. #......
#.####..).## ##÷'..


You could see Robin, an adder, 3 hobgoblins and 7 goblins.

Vanquished Creatures
  4 adders
  A worm (D:2)
  2 dart slugs
  A leopard gecko (D:1)
  2 ball pythons
  A giant cockroach (D:2)
  6 goblins
  7 hobgoblins
  5 jackals
  3 kobolds (D:2)
  6 bats
  7 frilled lizards
  7 rats
52 creatures vanquished.

Notes
Turn   | Place    | Note
-------+----------+-------------------------------------------
     0 | D:1      | Elellon the Gargoyle Fighter began the quest for the Orb.
     0 | D:1      | Reached XP level 1. HP: 14/14 MP: 1/1
   176 | D:1      | Reached XP level 2. HP: 19/19 MP: 2/2
   464 | D:1      | Reached skill level 3 in Maces & Flails
   737 | D:2      | Reached XP level 3. HP: 17/23 MP: 3/3
  1108 | D:2      | Found a shadowy altar of Dithmenos.
  1256 | D:2      | Reached skill level 4 in Maces & Flails
  1586 | D:2      | Reached XP level 4. HP: 28/28 MP: 4/4
  1635 | D:2      | Found a shimmering blue altar of Sif Muna.
  1635 | D:2      | Found an opulent altar of Gozag.
  1773 | D:3      | Found a glowing golden altar of the Shining One.
  1950 | D:3      | Noticed Robin
  1954 | D:3      | Noticed a bullfrog
  1967 | D:3      | HP: 1/28 [hobgoblin/+0 club[Robin] (2)]
  1969 | D:3      | Slain by a hobgoblin

Levels and vault maps discovered:
D:1:      dpeg_arrival_connections, layout_loops_ring
D:2:      layout_basic, nicolae_dithmenos_through_a_glass_darkly,
          gammafunk_temple_overflow_statue, first_ration, minmay_tromino_i2
D:3:      layout_rooms, tso_metal_star, minmay_misc_feat_doors, uniq_robin

Skill      XL: |  1  2  3 |
---------------+----------+-----
Maces & Flails | 3 4 |  4.7
Fighting       | |  3.2
Armour         | |  3.2
Shields        | |  3.2

Action                   |  1- 3 |  4- 6 || total
-------------------------+-------+-------++-------
Melee: Flail             |   157 |    53 ||   210
  Eat: Chunk             |     2 |     2 ||     4
Armor: Scale mail        |   154 |    60 ||   214
Dodge: Dodged            |    73 |    30 ||   103
Block: Shield            |   100 |    46 ||   146
